 Dungeon Crawl Stone Soup version 0.23-a0-629-gae4348f6cf (webtiles) character file.

1362 GordonOverkill the Ruffian (level 8, -3/66 HPs)
             Began as a Demigod Wanderer on Dec 26, 2018.
             Slain by an orc warrior
             ... wielding a +0 scimitar
              (14 damage)
             ... on level 7 of the Dungeon.
             The game lasted 00:11:02 (6820 turns).

GordonOverkill the Ruffian (Demigod Wanderer)       Turns: 6820, Time: 00:11:02

Health: -3/66      AC: 13    Str: 23    XL:     8   Next: 15%
Magic:  0/10       EV:  9    Int: 18    God:
Gold:   285        SH:  5    Dex: 16    Spells: 7/7 levels left

rFire    . . .     SeeInvis .     - Unarmed
rCold    . . .     Gourm    .   b - +0 buckler
rNeg     + . .     Faith    .   l - +0 chain mail
rPois    .         Spirit   +   u - +2 helmet
rElec    .         Reflect  .   y - +0 cloak
rCorr    .         Harm     .   (no gloves)
MR       .....                  m - +0 pair of boots
Stlth    ..........             d - amulet of guardian spirit
HPRegen  0.21/turn              i - ring of positive energy
MPRegen  0.12/turn              a - +2 ring of dexterity

@: mighty
A: high mp 1
a: no special abilities


You were on level 7 of the Dungeon.
You were not hungry.

You visited 1 branch of the dungeon, and saw 9 of its levels.

You collected 285 gold pieces.

Inventory:

Missiles
 p - 6 steel javelins (quivered)
Armour
 b - a +0 buckler (worn)
 l - a +0 chain mail (worn)
 m - a +0 pair of boots (worn)
 u - a +2 helmet (worn)
 y - a +0 cloak (worn)
Jewellery
 a - a +2 ring of dexterity (right hand)
 d - an amulet of guardian spirit (around neck)
 i - a ring of positive energy (left hand)
 o - an uncursed ring of flight
 s - an uncursed ring of protection from fire
Wands
 w - a wand of iceblast (8)
 x - a wand of clouds (6)
Scrolls
 c - 7 scrolls of teleportation
 f - a scroll of noise {unknown}
 k - 4 scrolls of immolation
 n - a scroll of amnesia {unknown}
 r - a scroll of fear {unknown}
 z - a scroll of fog {unknown}
 A - 2 scrolls of remove curse
Potions
 e - a potion of resistance
 h - a potion of ambrosia {unknown}
 q - 2 potions of magic
 t - a potion of agility
 v - 2 potions of flight {unknown}
Comestibles
 g - 9 rations


   Skills:
 + Level 4.2 Fighting
   Level 1.0 Crossbows
 - Level 1.0 Throwing
 - Level 2.0 Armour
 - Level 3.0 Dodging
 + Level 4.7 Stealth
 + Level 3.1 Shields
 * Level 5.9 Unarmed Combat


You had 7 spell levels left.
You didn't know any spells.
Your spell library was empty.

Dungeon Overview and Level Annotations

Branches:
Dungeon (9/15)             Temple (0/1) D:6
   Lair: D:8-11         Orc: D:9-12


Innate Abilities, Weirdness & Mutations

You have an increased reservoir of magic. (+10% MP)


Message History

The orc priest invokes the aid of Beogh against you.
Pain shoots through your body!
* * * LOW HITPOINT WARNING * * *
The orc warrior hits you but does no damage.
You hit the orc priest but do no damage.
The orc priest barely misses you.
You feel very mighty all of a sudden.
The orc warrior hits you with a +0 scimitar.
* * * LOW HITPOINT WARNING * * *
The orc priest calls down the wrath of Beogh upon you.
Pain shoots through your body!
* * * LOW HITPOINT WARNING * * *
You punch the orc priest!
The orc priest is severely wounded.
You block the orc warrior's attack.
The orc priest hits you but does no damage.
You punch the orc priest!
You kill the orc priest!
The orc warrior hits you with a +0 scimitar!!
You die...

#.........
#.........
####......... ..#
#o....... #.#
#.....(.. . #.#
#........ ... #.#
#.)......
.....#.###........
#......o@o)o!......
#.......###########
#.......# #.......#
######..# #..# #..#
#..


You could see an orc warrior and 2 orcs.

Vanquished Creatures
  Joseph (D:8)
  An ice beast (D:8)
  A necrophage (D:5)
  2 ogres
  2 centaurs (D:5)
  A howler monkey (D:8)
  A hound (D:4)
  A jelly (D:8)
  An orc priest (D:7)
  2 iguanas (D:5)
  3 orc wizards (D:4)
  6 worker ants
  5 adders
  A shadow imp (D:5)
  An ooze (D:1)
  An adder zombie (D:5)
  2 worms
  2 leopard geckos
  12 orcs
  4 giant cockroaches
  10 goblins
  7 hobgoblins
  11 jackals
  9 kobolds
  2 quokkas
  2 ball pythons
  11 bats
  16 frilled lizards
  A jackal skeleton (D:5)
  6 rats
125 creatures vanquished.

Notes
Turn   | Place    | Note
-------+----------+-------------------------------------------
     0 | D:1      | GordonOverkill the Demigod Wanderer began the quest for the
                  | Orb.
     0 | D:1      | GordonOverkill set off with the following items: 2 potions
                  | of heal wounds, a potion of curing, a scroll of
                  | teleportation, a +0 robe, a +0 club, a +0 dagger, a ration
     0 | D:1      | Reached XP level 1. HP: 17/17 MP: 3/3
     4 | D:1      | Noticed a halfling
     4 | D:1      | Noticed an ogre
     6 | D:1      | Noticed an octopode
     6 | D:1      | Noticed a dwarf
     8 | D:1      | Noticed a formicid
     8 | D:1      | Noticed a demonspawn
    10 | D:1      | Noticed a merfolk
    12 | D:1      | Noticed a minotaur
    12 | D:1      | Noticed a spriggan
    14 | D:1      | Noticed a ghoul
    14 | D:1      | Noticed an elf
    16 | D:1      | Noticed a centaur
    16 | D:1      | Noticed a draconian
    18 | D:1      | Noticed a troll
    20 | D:1      | Noticed a vine stalker
    23 | D:1      | Noticed a vampire
    23 | D:1      | Noticed a gargoyle
    25 | D:1      | Noticed a demigod
    27 | D:1      | Noticed a naga
    27 | D:1      | Noticed a human
    29 | D:1      | Noticed a tengu
    29 | D:1      | Noticed a felid
   190 | D:1      | Reached skill level 2 in Unarmed Combat
   337 | D:1      | Reached XP level 2. HP: 16/24 MP: 4/4
   972 | D:1      | Reached XP level 3. HP: 29/29 MP: 5/5
  1791 | D:2      | Reached skill level 1 in Armour
  1939 | D:2      | Reached XP level 4. HP: 14/36 MP: 6/6
  2884 | D:3      | Found a sacrificial altar of Ru.
  2894 | D:3      | Reached skill level 3 in Unarmed Combat
  3577 | D:4      | Reached XP level 5. HP: 31/42 MP: 7/7
  3882 | D:4      | Found Liocho's Antique Weapon Shoppe.
  4522 | D:4      | Got a bloodstained ring mail
  4523 | D:4      | Identified the +1 ring mail of Misanthropy {Str-4 Dex+4}
                  | (You found it on level 4 of the Dungeon)
  4621 | D:5      | Entered Level 5 of the Dungeon
  4679 | D:5      | Reached XP level 6. HP: 29/50 MP: 5/8
  5176 | D:5      | Reached skill level 1 in Shields
  5509 | D:5      | Reached skill level 4 in Unarmed Combat
  5574 | D:5      | Reached XP level 7. HP: 55/57 MP: 9/9
  5905 | D:6      | Found a radiant altar of Vehumet.
  5937 | D:6      | Found an opulent altar of Gozag.
  5968 | D:6      | Found a staircase to the Ecumenical Temple.
  5984 | D:6      | You fall through a shaft for 3 floors!
  6042 | D:8      | Reached skill level 5 in Unarmed Combat
  6316 | D:8      | Noticed Joseph
  6339 | D:8      | Killed Joseph
  6562 | D:8      | Reached XP level 8. HP: 37/66 MP: 6/10
  6751 | D:8      | Noticed a two-headed ogre
  6820 | D:7      | Slain by an orc warrior

Vault maps used:
D:1:      kb_arrival_jail, chequers_serial_rivers_small_3, nrook_uturn,
          minmay_lizard_pond
D:2:      first_ration, dk_noncrumbling_4
D:3:      nicolae_overflow_crystal_walls, minmay_box_of_dots
D:4:      serial_shops, shop, dk_rats_in_the_wall
D:6:      lemuel_crystal_altar, gammafunk_temple_overflow_wave,
          minmay_temple_entry_purple_smoke, basic_altar,
          kennysheep_small_spiral, uniq_blork_the_orc, uniq_edmund
D:7:      serial_shops, shop, grunt_ogre_cave
D:8:      uniq_joseph, uniq_gastronok
D:9:      wad_pebble_path, serial_shops, shop

Skill      XL: |  1  2  3  4  5  6  7  8 |
---------------+-------------------------+-----
Unarmed Combat | 2 3 4 5 |  5.9
Stealth        | 2 3 4 |  4.7
Dodging        | 2 3 |  3.0
Fighting       | 2 3 4 |  4.2
Armour         | 1 2 |  2.0
Shields        | 1 2 3 |  3.1
Crossbows      | |  1.0
Throwing       | |  1.0

Action                   |  1- 3 |  4- 6 |  7- 9 || total
-------------------------+-------+-------+-------++-------
Melee: Unarmed           |   236 |   410 |   137 ||   783
       Punch             |     2 |     5 |       ||     7
Throw: Javelin           |     4 |       |       ||     4
Evoke: Wand              |       |       |     2 ||     2
  Use: Potion            |     2 |     3 |     4 ||     9
       Scroll            |       |     8 |       ||     8
 Stab: Sleeping          |     3 |     2 |       ||     5
       Distracted        |     1 |       |       ||     1
  Eat: Chunk             |     4 |    11 |     2 ||    17
       Ration            |       |       |     1 ||     1
Armor: Robe              |    64 |     7 |       ||    71
       Chain mail        |       |   216 |    44 ||   260
Dodge: Dodged            |   198 |   132 |    43 ||   373
Block: Buckler           |       |    32 |    26 ||    58

Table legend:
 A = Non-vault XP
 B = Vault XP
 C = Vault XP percentage of total XP
 D = Non-vault monster count
 E = Vault monster count
 F = Vault count percentage of total count
                 A         B        C        D         E       F
            +---------+---------+-------+---------+---------+-------
      Total |    1531 |     415 |  21.3 |     113 |      12 |   9.6
            +---------+---------+-------+---------+---------+-------
        D:1 |      78 |      10 |  11.4 |      31 |      10 |  24.4
        D:2 |      48 |       0 |   0.0 |      20 |       0 |   0.0
        D:3 |      52 |       2 |   3.7 |      19 |       1 |   5.0
        D:4 |     284 |       0 |   0.0 |      19 |       0 |   0.0
        D:5 |     620 |       0 |   0.0 |      16 |       0 |   0.0
        D:7 |     188 |       0 |   0.0 |       3 |       0 |   0.0
        D:8 |     261 |     403 |  60.7 |       5 |       1 |  16.7
            +---------+---------+-------+---------+---------+-------
